 Dungeon Crawl Stone Soup version 0.28.0-53-g5a82cb258f (webtiles) character file.

Game seed: 6174536710098293538

6325 Sin92 the Cudgeller (level 10, -12/79 HPs)
             Began as a Demonspawn Fighter on July 19, 2022.
             Was a High Priest of Okawaru.
             Killed from afar by a lava snake (16 damage)
             ... with a glob of lava
             ... on level 8 of the Dungeon.
             The game lasted 00:12:46 (8422 turns).

Sin92 the Cudgeller (Demonspawn Fighter)            Turns: 8422, Time: 00:12:46

Health: -12/79     AC: 12    Str: 20    XL:     10   Next: 64%
Magic:  0/13       EV: 10    Int: 14    God:    Okawaru [*****.]
Gold:   438        SH:  7    Dex: 13    Spells: 9/9 levels left

rFire   . . .      SeeInvis .   e - +9 mace "Ultimatum" {vorpal, Int+4}
rCold   . . .      Faith    .   f - +2 buckler
rNeg    . . .      Spirit   +   b - +1 scale mail
rPois   .          Reflect  .   (helmet restricted)
rElec   .          Harm     .   u - +0 cloak
rCorr   .          Rampage  .   (no gloves)
Will    .....                   (no boots)
Stlth   ..........              v - amulet of guardian spirit
HPRegen 0.23/turn               w - +4 ring of slaying
MPRegen 0.13/turn               m - ring of flight

@: about to teleport, flying
A: antennae 2, ignite blood 2, sharp scales 2
a: Renounce Religion, Heroism, Finesse, Duel


You were on level 8 of the Dungeon.
You worshipped Okawaru.
Okawaru was extremely pleased with you.
You visited 2 branches of the dungeon, and saw 9 of its levels.

You collected 438 gold pieces.

Inventory:

Hand Weapons
 e - the +9 mace "Ultimatum" (weapon) {vorpal, Int+4}
   (You found it on level 5 of the Dungeon)

   It inflicts extra damage upon your enemies.
   Int:       It affects your intelligence (+4).
 q - a +6 hand axe
Missiles
 a - 5 throwing nets (quivered)
Armour
 b - a +1 scale mail (worn)
 f - a +2 buckler (worn)
 s - a +2 leather armour of fire resistance
 u - a +0 cloak (worn)
Jewellery
 j - a ring of see invisible
 m - a ring of flight (right hand)
 v - an amulet of guardian spirit (around neck)
 w - a +4 ring of slaying (left hand)
Wands
 c - a wand of iceblast (6)
 o - a wand of paralysis (7)
 p - a wand of digging (5)
 r - a wand of flame (23)
Scrolls
 g - 6 scrolls of identify
 i - 8 scrolls of teleportation
 l - a scroll of magic mapping
 t - a scroll of brand weapon {unknown}
Potions
 d - a potion of might
 h - 3 potions of flight
 k - 2 potions of haste
 n - 2 potions of mutation


   Skills:
 + Level 7.4 Fighting
 - Level 4.7(6.8) Axes
 * Level 7.6(8.2) Maces & Flails
 + Level 6.8 Armour
 + Level 3.3 Dodging
 + Level 6.8 Shields
 + Level 4.9 Invocations


You had 9 spell levels left.
You didn't know any spells.
Your spell library contained the following spells:

 Spells                   Type           Power      Damage    Failure   Level
 Sandblast                Erth           0%         2d4       67%         1
 Corpse Rot               Necr/Air       0%         N/A       80%         2
 Passwall                 Tmut/Erth      0%         N/A       80%         2
 Poisonous Vapours        Pois/Air       0%         N/A       80%         2
 Inner Flame              Hex/Fire       0%         N/A       95%         3
 Stone Arrow              Conj/Erth      0%         3d7       95%         3
 Cause Fear               Hex            0%         N/A       100%        4
 Fulminant Prism          Conj/Hex       0%         3d6       100%        4
 Iskenderun's Mystic Bla  Conj/Tloc      0%         2d3       100%        4
 Lee's Rapid Deconstruct  Erth           0%         3d5*      100%        5
 Discord                  Hex            0%         N/A       100%        8


Dungeon Overview and Level Annotations

Branches:
Dungeon (8/15)             Temple (1/1) D:5            Lair (0/6) D:8

Altars:
Ashenzari
Cheibriados
Dithmenos
Elyvilon
Fedhas
Gozag
Hepliaklqana
Kikubaaqudgha
Nemelex Xobeh
Okawaru
Qazlal
Trog
Wu Jian
Xom
Zin
The Shining One

Shops:
D:1 !

Annotations:
D:5 4 runed translucent doors


Innate Abilities, Weirdness & Mutations

You have a pair of antennae on your head.
Your demonic aura often causes spilled blood to erupt in flames.
You are mostly covered in razor-sharp scales. (AC +2, Slay +2)


Message History

The lava snake spits lava at you. The glob of lava hits you!!
You are too injured to fight recklessly!
You are engulfed in a cloud of scalding steam.
The lava snake bites you but does no damage.
You are too injured to fight recklessly!
The lava snake bites you but does no damage.
You miss the lava snake. The lava snake spits lava at you.
The glob of lava hits you!!
* * * LOW HITPOINT WARNING * * *
You hit the lava snake.
The lava snake is lightly wounded.
You are engulfed in a cloud of scalding steam.
You block the lava snake's attack.
You hit the lava snake.
The lava snake is heavily wounded.
You block the lava snake's attack.
You closely miss the lava snake.
The lava snake is heavily wounded.
The lava snake misses you.
You barely miss the lava snake.
The lava snake is heavily wounded.
The lava snake closely misses you.
You miss the lava snake.
The lava snake is heavily wounded.
The lava snake spits lava at you. The glob of lava hits you.
* * * LOW HITPOINT WARNING * * *
Unknown command.
Okay, then.
As you read the scroll of teleportation, it crumbles to dust.
You feel strangely unstable.
You are engulfed in a cloud of scalding steam.
* * * LOW HITPOINT WARNING * * *
The lava snake bites you but does no damage.
Unknown command.
The lava snake spits lava at you. The glob of lava hits you!
You die...

#....'.......
#....######## .#
#..(.# .#
#....#### .#
#.......#### .#
#...≈≈≈.†..###.##
#...≈#≈≈≈≈......
##..≈≈≈≈#≈≈≈≈.#
#.≈≈≈#≈≈≈≈#≈@#
...≈#≈≈≈≈#≈≈§.#
#...≈≈≈≈#≈≈≈≈..#
#..≈≈≈#≈≈≈≈#S..#
..≈#≈≈≈≈#≈≈≈..#
..≈≈≈≈#≈≈≈≈...#
.....≈≈≈≈#≈.#.#
..#....≈≈≈.#.# #
####.....#.#


You could see a lava snake (catching breath).

Vanquished Creatures
  Harold (D:8)
  A two-headed ogre (D:5)
  Grinder (D:6)
  3 wyverns (D:8)
  4 yaks (D:8)
  A basilisk (D:8)
  A steam dragon (D:7)
  3 water moccasins (D:8)
  A black bear (D:4)
  An ice beast (D:5)
  2 sky beasts
  3 orc warriors
  2 necrophages
  2 ogres
  4 centaurs
  2 phantoms (D:7)
  2 kobold brigands
  2 bullfrogs
  3 scorpions
  3 wights (D:6)
  A howler monkey (D:8)
  An electric eel (D:8)
  3 centaur zombies
  Crazy Yiuf (D:6)
  3 hounds
  A jelly (D:8)
  A centaur skeleton (D:5)
  4 orc priests
  A bullfrog skeleton (D:5)
  2 iguanas
  10 orc wizards
  A howler monkey zombie (D:6)
  10 adders
  A shadow imp (D:6)
  An adder skeleton (D:4)
  5 worms
  6 dart slugs
  24 orcs
  7 endoplasms
  8 giant cockroaches
  4 goblins
  7 hobgoblins
  6 jackals
  4 quokkas
  2 ball pythons
  3 bats
  2 frilled lizards
  21 kobolds
  A rat (D:2)
183 creatures vanquished.

Vanquished Creatures (others)
  A kobold (D:7)
  2 fungi (D:8)
  7 plants (D:8)
10 creatures vanquished.

Grand Total: 193 creatures vanquished

Notes
Turn   | Place    | Note
-------+----------+-------------------------------------------
     0 | D:1      | Sin92 the Demonspawn Fighter began the quest for the Orb.
     0 | D:1      | Reached XP level 1. HP: 18/18 MP: 1/1
   180 | D:1      | Found Xoidis's Distillery.
   276 | D:1      | Gained mutation: You are partially covered in razor-sharp
                  | scales. (AC +1, Slay +1) [demonic ancestry]
   276 | D:1      | Reached XP level 2. HP: 24/24 MP: 2/2
   416 | D:1      | Gained mutation: You have a pair of small antennae on your
                  | head. [demonic ancestry]
   416 | D:1      | Reached XP level 3. HP: 15/29 MP: 3/3
  1120 | D:2      | Reached XP level 4. HP: 33/35 MP: 4/4
  1961 | D:2      | Found a faded altar of an unknown god.
  2187 | D:3      | Reached XP level 5. HP: 34/42 MP: 5/5
  2854 | D:4      | Noticed a black bear
  2862 | D:4      | Killed a black bear
  2863 | D:4      | Reached XP level 6. HP: 36/48 MP: 6/6
  3219 | D:4      | Identified the +1 leather armour of Calculation {rCorr}
  3793 | D:5      | Entered Level 5 of the Dungeon
  3837 | D:5      | Found a large runed translucent door.
  3838 | D:5      | Found a large runed translucent door.
  3839 | D:5      | Noticed a troll
  3844 | D:5      | Found a large runed translucent door.
  3849 | D:5      | Found a large runed translucent door.
  3980 | D:5      | Noticed an ice beast
  3995 | D:5      | Killed an ice beast
  3996 | D:5      | Gained mutation: Your demonic aura sometimes causes spilled
                  | blood to erupt in flames. [demonic ancestry]
  3996 | D:5      | Reached XP level 7. HP: 18/55 MP: 7/7
  4012 | D:5      | Identified the +9 mace "Ultimatum" {vorpal, Int+4}
  4221 | D:5      | Found a staircase to the Ecumenical Temple.
  4225 | D:5      | Reached skill level 1 in Maces & Flails
  4240 | Temple   | Entered the Ecumenical Temple
  4423 | Temple   | Became a worshipper of Warmaster Okawaru
  4731 | D:5      | Noticed a two-headed ogre
  4736 | D:5      | Killed a two-headed ogre
  4736 | D:5      | Reached * piety under Okawaru
  4736 | D:5      | Reached ** piety under Okawaru
  4737 | D:5      | Reached skill level 5 in Fighting
  4737 | D:5      | Reached skill level 5 in Armour
  4737 | D:5      | Reached skill level 5 in Shields
  4737 | D:5      | Gained mutation: Your demonic aura often causes spilled
                  | blood to erupt in flames. [demonic ancestry]
  4737 | D:5      | Reached XP level 8. HP: 27/63 MP: 8/8
  5313 | D:6      | Noticed Grinder
  5322 | D:6      | Paralysed by Grinder for 6 turns
  5338 | D:6      | Killed Grinder
  5461 | D:6      | Reached *** piety under Okawaru
  5462 | D:6      | Gained mutation: You have a pair of antennae on your head.
                  | [demonic ancestry]
  5462 | D:6      | Reached XP level 9. HP: 67/69 MP: 9/9
  5467 | D:6      | Reached skill level 5 in Maces & Flails
  6175 | D:6      | Found a runed translucent door.
  6176 | D:6      | Noticed Crazy Yiuf
  6419 | D:6      | Killed Crazy Yiuf
  6420 | D:6      | Reached skill level 1 in Invocations
  6611 | D:7      | Reached skill level 1 in Dodging
  6787 | D:7      | Identified the +5 arbalest "Hisiup" {venom, rF++ Str+4
                  | Int-3}
  6836 | D:7      | Reached **** piety under Okawaru
  7707 | D:8      | Gained mutation: You are mostly covered in razor-sharp
                  | scales. (AC +2, Slay +2) [demonic ancestry]
  7707 | D:8      | Reached XP level 10. HP: 73/77 MP: 9/12
  7760 | D:8      | Reached ***** piety under Okawaru
  7890 | D:8      | Noticed Harold
  7906 | D:8      | Killed Harold
  8186 | D:8      | Found a staircase to the Lair.
  8420 | D:8      | HP: 3/79 [lava snake] (4)]
  8422 | D:8      | Killed from afar by a lava snake

Illustrated notes

Levels and vault maps discovered:
D:1:      dpeg_arrival_line_fractal, layout_basic, serial_shops,
          nicolae_shop_advertising_works [nicolae_subvault_shop_adworks],
          minivault_27, minmay_indecisive_spiral
D:2:      layout_basic, shapermc_ecumenical_altar_hornbeckon
D:3:      layout_loops_ring
D:4:      black_bear_nest_2, layout_loops_ring, kennysheep_generic_room_11
D:5:      layout_basic, zin_scriptorium, minmay_temple_entry_proselytizer,
          minmay_hollow_rounded_squares
D:6:      layout_rooms, uniq_grinder, uniq_crazy_yiuf_cottage
D:7:      layout_basic
D:8:      layout_basic, minmay_lair_entry_grove, nicolae_lava_and_water,
          uniq_harold
Temple:   mainiacjoe_temple_circle_huts

Skill      XL: |  1  2  3  4  5  6  7  8  9 10 |
---------------+-------------------------------+-----
Axes           | 2 3 4 |  4.7
Armour         | 3 4 5 6 |  6.8
Shields        | 3 4 5 6 |  6.8
Fighting       | 4 5 6 7 |  7.4
Maces & Flails | 4 6 7 |  7.6
Invocations    | 3 4 |  4.9
Dodging        | 2 3 |  3.3

Action                   |  1- 3 |  4- 6 |  7- 9 | 10-12 || total
-------------------------+-------+-------+-------+-------++-------
Melee: War axe           |    97 |   184 |     8 |       ||   289
       Mace              |       |       |   183 |    48 ||   231
Invok: Heroism           |       |       |       |     1 ||     1
  Use: Scroll            |     3 |     4 |     5 |     1 ||    13
       Potion            |       |     1 |     3 |       ||     4
Armor: Scale mail        |    47 |   113 |   109 |    19 ||   288
Dodge: Dodged            |    42 |    54 |    87 |    19 ||   202
Block: Buckler           |    38 |    62 |    75 |    14 ||   189
